 Dungeon Crawl Stone Soup version 0.28-a0-461-g2dc4ca5097 (webtiles) character file.

Game seed: 7254230006793596996

7 SkeletonJelly the Firebug (level 1, 0/13 HPs)
             Began as a Deep Elf Cinder Acolyte on Sept 14, 2021.
             Was a High Priest of Ignis.
             Slain by a jackal (2 damage)
             ... on level 1 of the Dungeon.
             The game lasted 00:01:30 (588 turns).

SkeletonJelly the Firebug (Deep Elf Cinder Acolyte)  Turns: 588, Time: 00:01:31

Health: 0/13       AC:  2    Str: 11    XL:     1   Next: 91%
Magic:  5/5        EV: 11    Int: 18    God:    Ignis [*****.]
Gold:   0          SH:  0    Dex: 10    Spells: 3/3 levels left

rFire   + . .      SeeInvis .   a - -1 falchion (flame)
rCold   . . .      Faith    .   (no shield)
rNeg    . . .      Spirit   .   b - +0 robe
rPois   .          Reflect  .   (no helmet)
rElec   .          Harm     .   (no cloak)
rCorr   .          Rampage  .   (no gloves)
Will    .....                   (no boots)
Stlth   +.........              (no amulet)
HPRegen 0.04/turn               (no ring)
MPRegen 0.09/turn               (no ring)

@: no status effects
A: no striking features
a: Renounce Religion, Sea of Fire, Foxfire Swarm, Rising Flame


You were on level 1 of the Dungeon.
You worshipped Ignis.
Ignis was extremely pleased with you.
You visited 1 branch of the dungeon, and saw 1 of its levels.

Inventory:

Hand Weapons
 a - a -1 falchion of flaming (weapon)
Armour
 b - a +0 robe (worn)
Scrolls
 d - a scroll of holy word {unknown}
 e - a scroll of silence {unknown}
Potions
 c - a potion of heal wounds {unknown}


   Skills:
 - Level 2.4 Fighting
 - Level 3.0 Long Blades
 - Level 1.5 Spellcasting
 + Level 3.6 Fire Magic


You had 3 spell levels left.
You didn't know any spells.
Your spell library contained the following spells:

 Spells                   Type           Power      Damage    Failure   Level
 Scorch                   Fire           28%        2d6       7%          2


Dungeon Overview and Level Annotations

Branches:
Dungeon (1/15)

Altars:


Message History

No target in view!
No target in view!
HP restored.
Key pressed, stopping explore.
Found 16 stones.
Health restored: 13 You see here 16 stones.
d - a scroll labelled VOH BUGGARPHOOFF A goblin comes into view.
It is wielding a +0 club.
A goblin is nearby!
You closely miss the goblin. The goblin hits you with a +0 club.
You take 1 damage, and have 12/13 hp.
You hit the goblin. You burn the goblin.
You kill the goblin!
No target in view!
No target in view!
No target in view!
No target in view!
You see here a +0 club.
You see here a +0 club.
A quokka comes into view.
Health restored: 13 A quokka is nearby!
A quokka is nearby!
A quokka is nearby!
A quokka is nearby!
You barely miss the quokka. The quokka barely misses you.
You barely miss the quokka. The quokka bites you.
You take 1 damage, and have 12/13 hp.
You closely miss the quokka. The quokka bites you. x2
You take 5 damage, and have 7/13 hp.
MASSIVE DAMAGE!!
You miss the quokka. The quokka closely misses you.
You hit the quokka. You burn the quokka.
You kill the quokka!
Training target 3.0 for Long Blades reached!
Your Long Blades skill increases to level 3!
You need to enable at least one skill for training.
You see here a quokka corpse.
e - a scroll labelled VIBBAU ROASTAG Health restored: 13
Found a ring mail.
You see here a +0 ring mail.
A jackal comes into view.
The jackal barks!
A jackal comes into view.
The jackal stops to sniff the ground.
A jackal comes into view.
The jackal barks! x2
You hit the jackal. You burn the jackal.
You kill the jackal!
You hear a bark!
A jackal comes into view.
The jackal barks!
You see here a jackal corpse.
The jackal misses you.
You closely miss the jackal. The jackal bites you. x2
You take 5 damage, and have 8/13 hp.
MASSIVE DAMAGE!!
You closely miss the jackal. The jackal misses you.
The jackal closely misses you.
You hit the jackal. You burn the jackal.
The jackal is moderately wounded.
The jackal barely misses you.
You hit the jackal but do no damage.
The jackal is moderately wounded.
The jackal closely misses you. x2
You barely miss the jackal.
The jackal is moderately wounded.
The jackal bites you but does no damage.
You closely miss the jackal.
The jackal is moderately wounded.
The jackal misses you. The jackal completely misses you.
You hit the jackal but do no damage.
The jackal is moderately wounded.
The jackal bites you.
The jackal bites you but does no damage.
You take 3 damage, and have 5/13 hp.
MASSIVE DAMAGE!!
You barely miss the jackal.
The jackal is moderately wounded.
The jackal barely misses you.
You barely miss the jackal.
The jackal is moderately wounded.
The jackal barely misses you. The jackal misses you.
You slash the jackal! You burn the jackal.
You kill the jackal!
You see here a jackal corpse.
You hit the jackal. You burn the jackal.
The jackal is severely wounded.
The jackal closely misses you.
You hit the jackal. You burn the jackal.
The jackal is almost dead.
The jackal misses you. The jackal barely misses you.
The jackal closely misses you. The jackal bites you.
* * * LOW HITPOINT WARNING * * *
The jackal bites you but does no damage.
You take 3 damage, and have 2/13 hp.
MASSIVE DAMAGE!!
You closely miss the jackal.
The jackal is severely wounded.
The jackal bites you.
You die...

≈≈≈≈# #...#.#
♣≈♣### #......
#≈##.# #.#.#..
'≈...# #...#..
#≈##<# #..##..
♣≈♣###
############..##..
≈≈≈
#..........#......
≈≈≈.
#.########........
#.#.#
#@##........###...
#.#.#
#######h##.#####..#
#... #.#..
.......h...#
#..###.#. #.. ..
....###.####
#..[...#. ## #.#
#.######. #.# #.#
#. #.# #.# #. #.#
#.# ## #.. ..#


You could see 2 jackals.

Vanquished Creatures
  An endoplasm (D:1)
  A giant cockroach (D:1)
  2 jackals (D:1)
  A quokka (D:1)
  A goblin (D:1)
6 creatures vanquished.

Notes
Turn   | Place    | Note
-------+----------+-------------------------------------------
     0 | D:1      | SkeletonJelly the Deep Elf Cinder Acolyte began the quest
                  | for the Orb.
     0 | D:1      | Reached XP level 1. HP: 13/13 MP: 5/5
   588 | D:1      | Slain by a jackal

Illustrated notes

Levels and vault maps discovered:
D:1:      sevenhm_arrival_forest_fort_small_4, layout_loops_ring,
          hellmonk_ecumenical_altar_lost_god

Skill      XL: |  1 |
---------------+----+-----
Long Blades    | 3 |  3.0
Fighting       | |  2.4
Spellcasting   | |  1.5
Fire Magic     | |  3.6

Action                   || total
-------------------------++-------
Melee: Falchion          ||    24
Armor: Robe              ||     3
Dodge: Dodged            ||    17

Table legend: (Time is in decaauts)
 A = Elapsed time spent in this place.
 B = Non-inter-level travel time spent in this place.
 C = Inter-level travel time spent in this place.
 D = Time resting spent in this place.
 E = Time spent auto-exploring this place.
 F = Levels seen in this place.
 G = Mean time per level.
                   A        B        C        D        E       F      G
               +--------+--------+--------+--------+--------+-----+--------+
         Total |    595 |    595 |      0 |      0 |    543 |   1 |  595.0 |
       Dungeon |    595 |    595 |      0 |      0 |    543 |   1 |  595.0 |
               +--------+--------+--------+--------+--------+-----+--------+

Top non-repeatable levels by time:
     D:1: 595 daAuts
